 Dungeon Crawl Stone Soup version 0.29-a0-275-g389c0b56f3 (webtiles) character file.

Game seed: 3353537297638569913

64 shoop the Shooter (level 3, -6/20 HPs)
             Began as a Deep Elf Arcane Marksman on Mar 9, 2022.
             Killed from afar by Sigmund (7 damage)
             ... with a puff of flame
             ... on level 3 of the Dungeon.
             The game lasted 00:03:18 (2235 turns).

shoop the Shooter (Deep Elf Arcane Marksman)        Turns: 2235, Time: 00:03:19

Health: -6/20      AC:  4    Str:  9    XL:     3   Next: 91%
Magic:  7/7        EV: 13    Int: 17    God:
Gold:   162        SH:  0    Dex: 15    Spells: 1/5 levels left

rFire   . . .      SeeInvis .   a - +0 shortbow
rCold   . . .      Faith    .   (shield currently unavailable)
rNeg    . . .      Spirit   .   b - +0 robe
rPois   .          Reflect  .   m - +1 helmet
rElec   .          Harm     .   (no cloak)
rCorr   .          Rampage  .   (no gloves)
Will    .....                   (no boots)
Stlth   ++........              h - amulet of magic regeneration
HPRegen 0.06/turn               (no ring)
MPRegen 0.50/turn               (no ring)

@: no status effects
A: no striking features
a: no special abilities


You were on level 3 of the Dungeon.
You visited 1 branch of the dungeon, and saw 3 of its levels.

You collected 162 gold pieces.

Inventory:

Hand Weapons
 a - a +0 shortbow (weapon)
Armour
 b - a +0 robe (worn)
 m - a +1 helmet (worn)
Jewellery
 h - an amulet of magic regeneration (around neck)
Scrolls
 c - a scroll of vulnerability
 g - a scroll of noise
 i - a scroll of fog
 o - a scroll of amnesia
Potions
 e - 3 potions of heal wounds {unknown}
 j - a potion of attraction {unknown}
 k - a potion of cancellation {unknown}
 l - 2 potions of degeneration {unknown}
 n - a potion of curing {unknown}
 p - a potion of brilliance {unknown}
 q - a potion of berserk rage {unknown}
 r - a potion of ambrosia {unknown}


   Skills:
 - Level 1.0 Fighting
 * Level 4.5 Bows
 - Level 3.0 Dodging
 - Level 2.0 Stealth
 + Level 1.7 Spellcasting
 - Level 4.0 Hexes
 + Level 0.3 Fire Magic


You had one spell level left.
You knew the following spells:

 Your Spells              Type           Power      Damage    Failure   Level
a - Slow                  Hex            60%        N/A       3%          1
b - Inner Flame           Hex/Fire       8%         N/A       24%         3

Your spell library contained the following spells:

 Spells                   Type           Power      Damage    Failure   Level
 Foxfire                  Conj/Fire      8%         2x1d4     19%         1
 Portal Projectile        Hex/Tloc       16%        N/A       26%         3
 Cause Fear               Hex            7%         N/A       36%         4
 Conjure Flame            Conj/Fire      2%         6-21      50%         3
 Call Canine Familiar     Summ           1%         N/A       52%         3
 Leda's Liquefaction      Hex/Erth       4%         N/A       65%         4
 Flame Wave               Conj/Fire      2%         2d4       88%         4


Dungeon Overview and Level Annotations

Branches:
Dungeon (3/15)

Altars:

Shops:
D:1 [

Annotations:
D:3 3 runed translucent doors, Sigmund


Message History

Sigmund the Dreaded comes into view.
He is wielding a +0 scythe.
Found a twisted whip.
Sigmund shouts!
You see here 4 boomerangs.
An orc priest comes into view. It is wielding a +0 club.
Sigmund's eyes start glowing with a red light.
Sigmund gestures at you while chanting. You resist with some effort.
An adder comes into view.
The orc priest shouts!
The adder hisses angrily.
You hear a shout!
An orc comes into view. It is wielding a +0 mace.
Okay, then.
Okay, then.
As you read the scroll labelled ZUEVERUXKA, it crumbles to dust.
It is a scroll of identify.
g - a scroll of noise An orc comes into view.
It is wielding a +0 club.
As you read the scroll of identify, it crumbles to dust.
i - a scroll of fog
As you read the scroll of identify, it crumbles to dust.
o - a scroll of amnesia Sigmund gestures at you while chanting.
You resist with some effort.
As you read the scroll of identify, it crumbles to dust.
d - a scroll of blinking Sigmund hits you from afar with a +0 scythe.
The adder attacks as you move away! The adder misses you.
The orc priest calls down the wrath of Beogh upon you.
Beogh smites you!
Ouch! That really hurt!
* * * LOW HITPOINT WARNING * * *
The adder bites you.
* * * LOW HITPOINT WARNING * * *
You hear a shout!
Blink to where?
Press: ? - help, Dir - move target
As you read the scroll of blinking, it crumbles to dust.
Sigmund casts a spell at you. The puff of flame hits you!
You die...

#...........#.# #.#
#...........'.# #.#
#...........### #.#
#...........#########.#
#...........'.........#
#...........###########
######.###'##
######.###.#######
...(............@#
########.#@#####.#
########.#.# #.#
.........#.# #.#
##########.#####.#
o.S§.@...@.....#.#
####..####.###.#.# #
#..#......# #.# #
#..#@#....# #.#


You could see Sigmund.

Vanquished Creatures
  An adder (D:3)
  A worm (D:3)
  3 dart slugs
  7 bats
  4 endoplasms (D:2)
  A giant cockroach (D:1)
  2 goblins
  8 hobgoblins
  3 quokkas (D:2)
  2 ball pythons (D:2)
  6 frilled lizards
  3 kobolds
  A rat (D:2)
42 creatures vanquished.

Notes
Turn   | Place    | Note
-------+----------+-------------------------------------------
     0 | D:1      | shoop the Deep Elf Arcane Marksman began the quest for the
                  | Orb.
     0 | D:1      | Reached XP level 1. HP: 11/11 MP: 5/5
    77 | D:1      | Reached skill level 1 in Fighting
    96 | D:1      | Reached XP level 2. HP: 16/16 MP: 6/6
    99 | D:1      | Found Coddouf's Antique Armour Emporium.
   177 | D:1      | Reached skill level 1 in Stealth
  1061 | D:2      | Reached XP level 3. HP: 6/20 MP: 7/7
  1639 | D:2      | Found a faded altar of an unknown god.
  2019 | D:2      | Learned a level 3 spell: Inner Flame
  2058 | D:3      | Found a runed translucent gate.
  2058 | D:3      | Found a runed translucent gate.
  2058 | D:3      | Found a runed translucent gate.
  2208 | D:3      | Noticed Sigmund
  2225 | D:3      | HP: 1/20 [adder (2)]
  2235 | D:3      | Killed from afar by Sigmund

Illustrated notes

Levels and vault maps discovered:
D:1:      dpeg_arrival_fog, layout_loops_ring, serial_shops,
          nicolae_diamond_shop
D:2:      layout_loops_corners, ebering_ecumenical_altar_petrified
D:3:      layout_basic, gammafunk_ghost_icy, uniq_ijyb, uniq_crazy_yiuf_cottage,
          uniq_sigmund

Skill      XL: |  1  2  3 |
---------------+----------+-----
Bows           | 3 4 |  4.5
Fighting       | 1 |  1.0
Stealth        | 1 2 |  2.0
Dodging        | 3 |  3.0
Spellcasting   | |  1.7
Hexes          | |  4.0
Fire Magic     | |  0.3

Action                   || total
-------------------------++-------
 Fire: Shortbow          ||    97
 Cast: Slow              ||     4
  Use: Scroll            ||     5
Armor: Robe              ||     7
Dodge: Dodged            ||    20

Table legend: (Time is in decaauts)
 A = Elapsed time spent in this place.
 B = Non-inter-level travel time spent in this place.
 C = Inter-level travel time spent in this place.
 D = Time resting spent in this place.
 E = Time spent auto-exploring this place.
 F = Levels seen in this place.
 G = Mean time per level.
                   A        B        C        D        E       F      G
               +--------+--------+--------+--------+--------+-----+--------+
         Total |   2264 |   2174 |     90 |      2 |   1895 |   3 |  754.7 |
       Dungeon |   2264 |   2174 |     90 |      2 |   1895 |   3 |  754.7 |
               +--------+--------+--------+--------+--------+-----+--------+

Top non-repeatable levels by time:
     D:2: 1108 daAuts
     D:1: 963 daAuts
     D:3: 193 daAuts
